 Dungeon Crawl Stone Soup version 0.24.0-123-gd5b16e6ec5 (webtiles) character file.

Game seed: 17754081838152584223, levelgen mode: deterministic

214 FishyPogo the Magician (level 5, -1/40 HPs)
             Began as a Demonspawn Wizard on Jan 11, 2020.
             Slain by a phantom (8 damage)
             ... on level 4 of the Dungeon.
             The game lasted 00:19:04 (4354 turns).

FishyPogo the Magician (Demonspawn Wizard)          Turns: 4354, Time: 00:19:05

Health: -1/40      AC:  3    Str:  7    XL:     5   Next: 60%
Magic:  2/9        EV: 12    Int: 21    God:
Gold:   187        SH:  0    Dex: 11    Spells: 4/10 levels left

rFire    . . .     SeeInvis .   h - +0 dagger
rCold    . . .     Gourm    +   (no shield)
rNeg     . . .     Faith    .   v - +0 leather armour
rPois    .         Spirit   .   b - +0 hat
rElec    .         Reflect  .   (no cloak)
rCorr    .         Harm     .   (no gloves)
MR       +....                  (no boots)
Stlth    +++.......             r - amulet of the gourmand
HPRegen  0.13/turn              c - ring of protection from magic
MPRegen  0.11/turn              (no ring)

@: no status effects
A: horns 1, nightstalker 1, rot immunity
a: no special abilities


You were on level 4 of the Dungeon.
You were completely stuffed.

You visited 1 branch of the dungeon, and saw 4 of its levels.

You collected 187 gold pieces.

Inventory:

Hand Weapons
 h - a +0 dagger (weapon)
Missiles
 i - 8 poisoned darts
 j - 137 stones (quivered)
 k - 3 javelins
 o - 3 atropa-tipped darts
 s - 5 boomerangs
Armour
 b - a +0 hat (worn)
 v - a +0 leather armour (worn)
Jewellery
 c - a ring of protection from magic (left hand)
 r - an amulet of the gourmand (around neck)
Scrolls
 a - 3 scrolls of enchant armour {unknown}
 e - 2 scrolls of identify
 f - 2 scrolls of blinking
 l - a scroll of teleportation
 n - a scroll of remove curse
 q - a scroll of amnesia {unknown}
 t - a scroll of random uselessness {unknown}
 w - a scroll of magic mapping {unknown}
 x - a scroll of noise {unknown}
Potions
 g - 3 potions of degeneration
 m - a potion of lignification
 p - a potion of brilliance
Comestibles
 d - 7 rations


   Skills:
 + Level 2.9 Fighting
 * Level 2.4 Armour
 + Level 2.6 Dodging
 * Level 2.3 Stealth
 - Level 3.0 Spellcasting
 - Level 1.0 Conjurations
 - Level 2.0 Summonings
   Level 0.8 Translocations
 * Level 0.8 Poison Magic


You had 4 spell levels left.
You knew the following spells:

 Your Spells              Type           Power        Failure   Level  Hunger
a - Magic Dart            Conj           #...         13%         1    None
b - Mephitic Cloud        Conj/Pois/Air  #.......     41%         3    ###....
n - Call Imp              Summ           ##......     13%         2    ##.....

Your spell library contained the following spells:

 Spells                   Type           Power        Failure   Level  Hunger
 Blink                    Tloc           N/A          21%         2    ##.....
 Slow                     Hex            #.......     28%         2    ##.....
 Conjure Flame            Conj/Fire      #.......     43%         3    ###....


Dungeon Overview and Level Annotations

Branches:
Dungeon (4/15)
 Temple: D:4-7

Altars:


Innate Abilities, Weirdness & Mutations

You have a pair of small horns on your head.
You are slightly more attuned to the shadows.
You are immune to rotting.


Message History

The phantom barely misses you.
You closely miss the phantom.
The phantom is heavily damaged.
The phantom hits you.
* * * LOW HITPOINT WARNING * * *
Your crimson imp blinks!
You hit the phantom but do no damage. Your headbutt misses the phantom.
The phantom is heavily damaged.
The phantom barely misses you.
Your crimson imp blinks!
The phantom hits you but does no damage.
You hit the phantom but do no damage.
The phantom is heavily damaged.
The phantom barely misses you.
Your crimson imp blinks!
You hit the phantom but do no damage.
The phantom is heavily damaged.
Your crimson imp blinks!
The phantom hits you!
You die...

...####....###......(##
##..>......#
#........##
######.....#
#.........#### #
##....# ##......P....#
###### ##......≈≈≈..#
#...†...≈≈≈≈.#
#......§≈≈≈≈.#
#....5..≈≈≈≈.#
##<@W..?P....#
##...######## #####


You could see a phantom and a friendly crimson imp.

Vanquished Creatures
  A bullfrog zombie (D:4)
  Robin (D:2)
  3 adders
  An ooze (D:1)
  A worm (D:4)
  2 leopard geckos (D:3)
  2 orcs (D:3)
  A ball python (D:2)
  4 giant cockroaches
  5 goblins
  5 hobgoblins
  3 jackals (D:3)
  12 kobolds
  A quokka (D:3)
  8 bats
  9 frilled lizards
  10 rats
69 creatures vanquished.

Vanquished Creatures (collateral kills)
  An iguana (D:2)
  A gnoll (D:2)
  5 adders (D:2)
  3 worms (D:2)
  2 dart slugs (D:1)
  3 leopard geckos
  4 orcs (D:3)
  A giant cockroach (D:1)
  5 goblins
  4 hobgoblins
  A ball python (D:2)
  2 bats
  3 kobolds
  3 rats
38 creatures vanquished.

Grand Total: 107 creatures vanquished

Notes
Turn   | Place    | Note
-------+----------+-------------------------------------------
     0 | D:1      | FishyPogo the Demonspawn Wizard began the quest for the
                  | Orb.
     0 | D:1      | Reached XP level 1. HP: 13/13 MP: 4/4
   178 | D:1      | Gained mutation: You have a pair of small horns on your
                  | head. [demonic ancestry]
   178 | D:1      | Reached XP level 2. HP: 20/20 MP: 0/6
   182 | D:1      | Learned a level 2 spell: Call Imp
   298 | D:1      | Reached skill level 1 in Fighting
   340 | D:1      | Reached skill level 1 in Armour
   864 | D:2      | Gained mutation: You are immune to rotting. [demonic
                  | ancestry]
   864 | D:2      | Reached XP level 3. HP: 24/26 MP: 1/7
  1941 | D:2      | Reached XP level 4. HP: 31/33 MP: 3/8
  1958 | D:2      | Noticed Robin
  2808 | D:2      | Killed Robin
  2986 | D:3      | Gained mutation: You are slightly more attuned to the
                  | shadows. [demonic ancestry]
  2986 | D:3      | Reached XP level 5. HP: 30/39 MP: 5/9
  3197 | D:3      | Learned a level 3 spell: Mephitic Cloud
  3785 | D:4      | Noticed a phantom
  4268 | D:4      | Noticed an ogre
  4354 | D:4      | Slain by a phantom

Levels and vault maps discovered:
D:1:      wander_arrival_abandoned_jail, layout_basic
D:2:      kennysheep_six_static_rooms, layout_basic, minmay_misc_feat_hallway,
          minmay_circle_x, uniq_robin
D:3:      layout_basic, first_ration
D:4:      layout_rooms, yredelemnul_forgotten_temple_becter, serial_undead,
          serial_undead_f, serial_undead_c, serial_undead_f, serial_undead_b,
          serial_undead_a, serial_undead_d, serial_undead_d, serial_undead_b,
          serial_undead_e, serial_undead_e

Skill      XL: |  1  2  3  4  5 |
---------------+----------------+-----
Stealth        | 2 |  2.3
Dodging        | 2 |  2.6
Fighting       | 1 2 |  2.9
Armour         | 1 2 |  2.4
Summonings     | 2 |  2.0
Spellcasting   | |  3.0
Conjurations   | |  1.0
Translocations | |  0.8
Poison Magic   | |  0.8

Action                   |  1- 3 |  4- 6 || total
-------------------------+-------+-------++-------
Melee: Unarmed           |    21 |       ||    21
       Dagger            |    50 |   138 ||   188
       Headbutt          |     5 |     8 ||    13
Throw: Stone             |     2 |     2 ||     4
 Cast: Magic Dart        |    42 |   110 ||   152
       Call Imp          |    27 |    22 ||    49
  Use: Potion            |     1 |       ||     1
       Scroll            |       |     7 ||     7
 Stab: Sleeping          |     2 |     6 ||     8
       Distracted        |       |     2 ||     2
  Eat: Chunk             |     4 |    30 ||    34
Armor: Robe              |    18 |    12 ||    30
       Leather armour    |       |    12 ||    12
Dodge: Dodged            |    49 |    86 ||   135
